 Dungeon Crawl Stone Soup version 0.26-a0-652-gafc20e3620 (webtiles) character file.

Game seed: 16930537775199197815

8988 DoubleLucky the Spear-Bearer (level 11, 0/67 HPs)
             Began as a Tengu Summoner on Oct 2, 2020.
             Was an Elder of Makhleb.
             Killed by refrigeration
             ... invoked by Fannar
              (9 damage)
             ... on level 10 of the Dungeon on Oct 3, 2020.
             The game lasted 02:03:35 (21730 turns).

DoubleLucky the Spear-Bearer (Tengu Summoner)      Turns: 21730, Time: 02:03:36

Health: 0/67       AC: 12    Str: 16    XL:     11   Next: 39%
Magic:  2/15       EV: 19    Int: 17    God:    Makhleb [****..]
Gold:   292        SH:  0    Dex: 15    Spells: 17/26 levels left

rFire    + . .     SeeInvis .   K - +1 halberd
rCold    + . .     Faith    .   (shield currently unavailable)
rNeg     + . .     Spirit   .   W - +2 leather armour {rPois}
rPois    +         Reflect  .   R - +2 hat
rElec    .         Harm     .   L - +0 cloak
rCorr    .         Rampage  .   s - +2 pair of gloves
MR       .....                  (boots unavailable)
Stlth    +.........             (no amulet)
HPRegen  0.21/turn              U - +6 ring of strength
MPRegen  0.14/turn              T - ring of Ufeubu {rF+ rC+ rN+ MP-9 Stlth-}

@: flying quickly and evasively, quick
A: beak, talons 3, able to fly
a: Stop Flying, Minor Destruction, Lesser Servant of Makhleb, Major Destruction,
Renounce Religion


You were on level 10 of the Dungeon.
You worshipped Makhleb.
Makhleb was greatly pleased with you.
You visited 2 branches of the dungeon, and saw 12 of its levels.

You collected 604 gold pieces.
You spent 312 gold pieces at shops.

Inventory:

Hand Weapons
 k - a +0 trident
 y - a +0 whip of flaming
 C - a +0 halberd
 K - a +1 halberd (weapon)
 M - a +2 falchion of holy wrath
 N - a +4 dagger of speed
 O - a +2 falchion of flaming
 Q - a +4 hand axe
Missiles
 c - 262 stones
 S - 2 throwing nets (quivered)
Armour
 a - a +1 chain mail of positive energy
 m - a +3 leather armour of positive energy
 q - the +0 leather armour of Indestructible Awe {MP+9}
   (You bought it in a shop on level 7 of the Dungeon)

   It affects your magic capacity (+9).
 s - a +2 pair of gloves (worn)
 L - a +0 cloak (worn)
 R - a +2 hat (worn)
 W - a +2 leather armour of poison resistance (worn)
Jewellery
 g - an uncursed ring of protection from fire
 h - a +4 ring of evasion
 j - a +4 ring of evasion
 w - an uncursed ring of magical power
 x - a +6 ring of intelligence
 D - an uncursed ring of stealth
 T - the ring of Ufeubu (right hand) {rF+ rC+ rN+ MP-9 Stlth-}
   (You took it off a wight on level 9 of the Dungeon)

   [ring of attention]

   It protects you from fire.
   It protects you from cold.
   It protects you from negative energy.
   It affects your magic capacity (-9).
   It makes you less stealthy.
 U - a +6 ring of strength (left hand)
Wands
 b - a wand of flame (13)
 n - a wand of digging (5)
 r - a wand of paralysis (11)
 I - a wand of polymorph (2)
 P - a wand of disintegration (10)
 X - a wand of acid (11)
Scrolls
 d - 2 scrolls of immolation
 l - 5 scrolls of remove curse
 v - 2 scrolls of magic mapping
 V - a scroll of silence
Potions
 e - a potion of cancellation {unknown}
 f - 2 potions of flight {unknown}
 i - a potion of resistance {unknown}
 p - 3 potions of brilliance {unknown}
 t - 6 potions of stabbing
 u - a potion of ambrosia {unknown}
 z - 3 potions of magic
 A - a potion of degeneration {unknown}
 B - 3 potions of berserk rage {unknown}
 E - 2 potions of curing {unknown}
 F - 2 potions of haste {unknown}
 G - 2 potions of mutation {unknown}
 H - 2 potions of lignification {unknown}


   Skills:
 + Level 7.1 Fighting
 - Level 1.2 Long Blades
 + Level 8.8 Polearms
 + Level 7.0 Armour
 + Level 7.0 Dodging
 - Level 2.0 Stealth
 + Level 8.4 Spellcasting
 - Level 8.0 Summonings


You had 17 spell levels left.
You knew the following spells:

 Your Spells              Type           Power        Failure   Level
a - Summon Small Mammal   Summ           ####         1%          1
b - Call Imp              Summ           ####....     1%          2
c - Call Canine Familiar  Summ           ####....     1%          3
d - Summon Guardian Gole  Hex/Summ       ###.....     7%          3

Your spell library contained the following spells:

 Spells                   Type           Power        Failure   Level
 Corona                   Hex            #......      12%         1
 Magic Dart               Conj           #...         12%         1
 Blink                    Tloc           N/A          19%         2
 Ensorcelled Hibernation  Hex/Ice        #.....       19%         2
 Poisonous Vapours        Pois/Air       #.....       19%         2
 Slow                     Hex            #.......     19%         2
 Summon Ice Beast         Ice/Summ       ###.....     22%         4
 Summon Lightning Spire   Summ/Air       ###.....     22%         4
 Confusing Touch          Hex            #.......     34%         3
 Conjure Flame            Conj/Fire      #.......     34%         3
 Dazzling Flash           Conj/Hex       #.....       34%         3
 Mephitic Cloud           Conj/Pois/Air  #.......     34%         3
 Tukima's Dance           Hex            #.......     34%         3
 Freezing Cloud           Conj/Ice/Air   #.........   100%        6


Dungeon Overview and Level Annotations

Branches:
Dungeon (11/15)            Temple (1/1) D:7            Lair (0/6) D:8
    Orc (0/2) D:11

Altars:
Ashenzari
Cheibriados
Dithmenos
Elyvilon
Fedhas
Gozag
Hepliaklqana
Kikubaaqudgha
Makhleb
Nemelex Xobeh
Okawaru
Qazlal
Ru
Sif Muna
Trog
Uskayaw
Vehumet
Wu Jian
Xom
Yredelemnul
Zin
The Shining One
Beogh

Shops:
D:4 :   D:5 (   D:7 [

Annotations:
D:4 3 runed translucent doors, GarryLv's ghost, amateur OpTm
D:8 2 runed translucent doors
D:9 exclusion: downstairs
D:10 exclusion: 2 downstairs, Fannar


Innate Abilities, Weirdness & Mutations

You have a beak for a mouth.
You have claws for feet.
You can fly continuously.


Message History

You puncture Fannar!
Fannar is heavily wounded.
Fannar closely misses you.
You hit Fannar but do no damage.
Fannar is heavily wounded.
Fannar hits you with a +0 quarterstaff of freezing.
* * * LOW HITPOINT WARNING * * *
You barely miss Fannar. You claw Fannar.
Fannar is heavily wounded.
Fannar completely misses you.
You hit Fannar but do no damage. Your kick misses Fannar.
Your peck misses Fannar.
Fannar is heavily wounded.
Fannar closely misses you.
Casting: Summon Small Mammal (safe; 1% risk of failure)
Confirm with . or Enter, or press ? or * to list all spells.
Fannar gestures wildly while chanting.
Fannar drains the heat from the surrounding environment!
You resist.
You feel very cold.
You die...

#..# #####)##### ##.##
#.........# #..#
#######.#.# ####.#####
###.......#.#
#........#####...#####.#.#
#............[.#.#.....#.#
.........#######h#.#####.#
.........# #)#...#...#
.........# #@#####.###
#........# #e#.....#.#
#........# #.#.#####.#
###.####### #.........#
#.).....# #######.###
#######.## #.# #......#
####.# #......# #....#
#......# ###'######


You could see Fannar (icy armour) and a friendly hound (summoned).

Vanquished Creatures
  Snorg (D:10)
  A merfolk (D:9)
  A hippogriff (D:10)
  A wraith (D:11)
  4 vampire mosquitoes (D:9)
  2 porcupines (D:8)
  3 orc warriors (D:10)
  A black bear (D:8)
  2 ogres
  A phantom (D:8)
  A lemure (D:8)
  A wolf (D:8)
  3 centaurs (D:10)
  2 bullfrogs
  A killer bee (D:9)
  4 wights
  An electric eel (D:8)
  A bullfrog zombie (D:10)
  2 centaur zombies (D:11)
  A hound (D:7)
  A jelly (D:9)
  2 orc wizards
  5 orc priests
  A bullfrog skeleton (D:6)
  A centaur skeleton (D:8)
  An iguana (D:9)
  2 worker ants
  A worker ant zombie (D:6)
  2 gnolls (D:11)
  8 adders
  A white imp (D:6)
  An ooze (D:2)
  2 leopard geckos
  13 orcs
  A giant cockroach (D:7)
  2 quokkas
  3 bats
  2 frilled lizards (D:1)
  A kobold (D:1)
  A quokka zombie (D:5)
  4 rats
89 creatures vanquished.

Vanquished Creatures (collateral kills)
  Gastronok (D:11)
  A two-headed ogre (D:11)
  Pikel (D:7)
  Psyche (D:7)
  A komodo dragon (D:10)
  Maggie (D:8)
  A troll (D:10)
  4 wraiths (D:11)
  3 basilisks (D:8)
  Menkaure (D:4)
  A water moccasin (D:7)
  5 orc warriors
  A hornet zombie (D:11)
  4 sky beasts
  3 black bears
  An ogre (D:11)
  A phantom (D:8)
  2 wolves (D:8)
  2 crocodiles
  3 centaurs
  A big kobold (D:11)
  6 bullfrogs
  4 scorpions
  5 killer bees (D:9)
  A howler monkey (D:8)
  8 wights
  A centaur zombie (D:10)
  2 bullfrog zombies
  A hound (D:6)
  5 orc priests
  5 jellies
  2 bullfrog skeletons
  5 iguanas
  Natasha (thrice) (D:3)
  16 orc wizards
  6 worker ants
  A hound zombie (D:10)
  Robin (D:3)
  6 adders
  10 gnolls
  A howler monkey skeleton (D:8)
  2 shadow imps
  3 white imps
  3 ufetubi
  8 oozes (D:2)
  An adder zombie (D:8)
  A worm (D:2)
  A dart slug (D:2)
  2 leopard geckos
  38 orcs
  A ball python (D:3)
  3 giant cockroaches
  11 goblins
  7 hobgoblins
  3 quokkas
  5 bats
  A frilled lizard (D:3)
  17 kobolds
  A leopard gecko zombie (D:7)
  2 quokka zombies (D:5)
  A rat (D:1)
239 creatures vanquished.

Vanquished Creatures (others)
  Josephine (D:11)
  2 goblins (D:3)
  9 fungi
  22 plants (D:8)
  11 toadstools (D:2)
45 creatures vanquished.

Grand Total: 373 creatures vanquished

Notes
Turn   | Place    | Note
-------+----------+-------------------------------------------
     0 | D:1      | DoubleLucky the Tengu Summoner began the quest for the Orb.
     0 | D:1      | Reached XP level 1. HP: 10/10 MP: 4/4
     2 | D:1      | Noticed a gargoyle
     4 | D:1      | Noticed a spriggan
     4 | D:1      | Noticed a draconian
     6 | D:1      | Noticed a troll
     6 | D:1      | Noticed a naga
     8 | D:1      | Noticed a demigod
     8 | D:1      | Noticed a merfolk
    10 | D:1      | Noticed a vampire
    12 | D:1      | Noticed a ghoul
    12 | D:1      | Noticed a demonspawn
    14 | D:1      | Noticed a centaur
    14 | D:1      | Noticed a dwarf
    16 | D:1      | Noticed a minotaur
    16 | D:1      | Noticed a formicid
    18 | D:1      | Noticed an elf
    20 | D:1      | Noticed a human
    20 | D:1      | Noticed an ogre
    22 | D:1      | Noticed a vine stalker
    22 | D:1      | Noticed a halfling
    24 | D:1      | Noticed an octopode
    26 | D:1      | Noticed a tengu
    26 | D:1      | Noticed a felid
   524 | D:1      | Reached skill level 5 in Summonings
   856 | D:1      | Reached XP level 2. HP: 13/15 MP: 4/6
  1751 | D:2      | Reached XP level 3. HP: 19/19 MP: 4/7
  1755 | D:2      | Learned a level 2 spell: Call Imp
  1925 | D:2      | Reached XP level 4. HP: 19/24 MP: 2/9
  2731 | D:3      | Gained mutation: You can fly continuously. [Tengu growth]
  2731 | D:3      | Reached XP level 5. HP: 20/28 MP: 6/11
  2995 | D:3      | Noticed Natasha
  3031 | D:3      | Killed Natasha
  3388 | D:3      | Noticed Natasha
  3414 | D:3      | Killed Natasha
  3904 | D:3      | Noticed Robin
  3919 | D:3      | Killed Robin
  4262 | D:4      | Learned a level 3 spell: Call Canine Familiar
  4266 | D:4      | Learned a level 3 spell: Summon Guardian Golem
  4335 | D:4      | Found Guisy's Book Shop.
  4336 | D:4      | Noticed an orc warrior
  4570 | D:3      | Noticed Natasha
  4603 | D:3      | Killed Natasha
  4685 | D:3      | Killed an orc warrior
  4685 | D:3      | Reached XP level 6. HP: 32/32 MP: 1/13
  6001 | D:4      | Noticed Menkaure
  6014 | D:4      | Killed Menkaure
  6309 | D:4      | Found a runed translucent gate.
  6309 | D:4      | Found a runed translucent gate.
  6310 | D:4      | Found a runed translucent gate.
  6312 | D:4      | Noticed GarryLv's ghost (amateur OpTm)
  6482 | D:4      | Found a glowing silver altar of Zin.
  6541 | D:5      | Entered Level 5 of the Dungeon
  6713 | D:5      | Found a stormy altar of Qazlal.
  6848 | D:5      | Found a basalt altar of Yredelemnul.
  6958 | D:5      | Reached skill level 1 in Polearms
  6958 | D:5      | Reached XP level 7. HP: 36/36 MP: 12/15
  7171 | D:5      | Found an opulent altar of Gozag.
  7190 | D:5      | Found Wyawk's Antique Weapon Boutique.
  7337 | D:5      | Found an iron altar of Okawaru.
  7600 | D:5      | Bought a halberd for 116 gold pieces
  7644 | D:6      | Reached skill level 5 in Spellcasting
  7967 | D:6      | Found an ancient bone altar of Kikubaaqudgha.
  8009 | D:6      | Reached skill level 1 in Armour
  8443 | D:6      | Reached XP level 8. HP: 41/41 MP: 7/17
  9469 | D:7      | Found a staircase to the Ecumenical Temple.
  9485 | D:7      | Found Ycothroa's Antique Armour Shoppe.
  9499 | Temple   | Entered the Ecumenical Temple
  9632 | Temple   | Became a worshipper of Makhleb the Destroyer
  9705 | D:7      | Bought a diamond-studded leather armour for 196 gold pieces
  9715 | D:7      | Identified the +0 leather armour of Indestructible Awe
                  | {MP+9} (You bought it in a shop on level 7 of the Dungeon)
 10778 | D:8      | Noticed Maggie
 10794 | D:8      | Killed Maggie
 10794 | D:8      | Reached skill level 1 in Fighting
 10993 | D:7      | Reached XP level 9. HP: 32/48 MP: 19/19
 11193 | D:8      | Reached skill level 5 in Dodging
 11198 | D:8      | Reached * piety under Makhleb
 11198 | D:8      | Reached skill level 5 in Polearms
 11577 | D:8      | Found a glowing golden altar of the Shining One.
 11917 | D:8      | Found a hazy altar of Hepliaklqana.
 11962 | D:8      | Reached skill level 5 in Armour
 12409 | D:8      | Noticed Psyche
 12604 | D:8      | Noticed Pikel
 12744 | D:7      | Killed Pikel
 13009 | D:7      | Killed Psyche
 13435 | D:8      | Found a staircase to the Lair.
 13463 | D:8      | Found a runed translucent door.
 13467 | D:8      | Found a runed translucent door.
 13636 | D:8      | Found a sparkling altar of Nemelex Xobeh.
 14208 | D:9      | Reached XP level 10. HP: 47/58 MP: 3/21
 14571 | D:9      | Reached skill level 5 in Fighting
 14575 | D:9      | Reached ** piety under Makhleb
 14579 | D:9      | Identified the ring of Ufeubu {rF+ rC+ rN+ MP-9 Stlth-}
 15175 | D:9      | Found a shadowy altar of Dithmenos.
 15346 | D:9      | Reached skill level 1 in Long Blades
 16134 | D:10     | Entered Level 10 of the Dungeon
 17804 | D:10     | Noticed Snorg
 17853 | D:10     | Killed Snorg
 18107 | D:11     | Noticed Josephine
 18126 | D:11     | Killed Josephine
 18347 | D:10     | Reached XP level 11. HP: 66/66 MP: 20/24
 18482 | D:11     | Found a roughly hewn altar of Beogh.
 18505 | D:11     | Reached *** piety under Makhleb
 19151 | D:11     | Noticed Gastronok
 19154 | D:11     | Noticed Fannar
 19362 | D:11     | Noticed a two-headed ogre
 19376 | D:11     | Killed a two-headed ogre
 19801 | D:10     | Reached **** piety under Makhleb
 19954 | D:11     | Noticed a manticore
 20427 | D:11     | Killed Gastronok
 21271 | D:11     | Noticed an orc knight
 21350 | D:11     | Found a staircase to the Orcish Mines.
 21730 | D:10     | Killed from afar by Fannar

Illustrated notes

Levels and vault maps discovered:
D:1:      kb_arrival_jail, layout_basic
D:2:      cheibrodos_fertilizer, layout_basic
D:3:      layout_loops_ring, minivault_4, minmay_box_of_dots, uniq_natasha,
          uniq_robin
D:4:      layout_basic, zin_statuary, serial_shops, nicolae_shop_stone,
          gammafunk_ghost_necromancy, uniq_menkaure
D:5:      layout_loops_ring, kennysheep_little_box, overflow_temple_1_default,
          kennysheep_okawaru_gauntlet,
          nicolae_gozag_cash_rules_everything_around_me, serial_shops,
          shop_fountains, kennysheep_flooded_box
D:6:      layout_cave_pods, kiku_gazebo_pond_becter
D:7:      minmay_flawed_box, layout_basic, minmay_temple_entry_wispy,
          serial_shops, nicolae_shop_behind_doors
D:8:      lemuel_insect_pit, layout_basic, lemuel_doored_altar,
          nemelex_altar_shiori, minmay_lair_entry_grove, basic_altar,
          uniq_psyche, uniq_pikel, uniq_maggie
D:9:      layout_loops_ring, nicolae_overflow_crystal_walls,
          grunt_decor_arrowhead, hangedman_fish_farm
D:10:     layout_roguey, uniq_snorg
D:11:     wander_river, layout_rooms, david_orc_5, uniq_fannar, uniq_gastronok,
          uniq_josephine
Temple:   nicolae_temple_figure_eight

Skill      XL: |  1  2  3  4  5  6  7  8  9 10 11 |
---------------+----------------------------------+-----
Summonings     | 5 6 7 8 |  8.0
Spellcasting   | 3 4 5 6 7 8 |  8.4
Polearms       | 1 2 4 6 8 |  8.8
Armour         | 1 4 5 6 7 |  7.0
Dodging        | 3 4 5 6 7 |  7.0
Fighting       | 1 4 6 7 |  7.1
Long Blades    | 1 |  1.2
Stealth        | |  2.0

Action                   |  1- 3 |  4- 6 |  7- 9 | 10-12 || total
-------------------------+-------+-------+-------+-------++-------
Melee: Unarmed           |    17 |       |       |       ||    17
       Kick              |    10 |    11 |    25 |    48 ||    94
       Dagger            |    16 |    55 |       |       ||    71
       Peck              |     3 |     6 |    16 |    26 ||    51
       Trident           |       |     4 |    17 |       ||    21
       Halberd           |       |       |   132 |   245 ||   377
Throw: Stone             |     2 |       |     1 |       ||     3
 Cast: Summon Small Mamm |    49 |    65 |   126 |    78 ||   318
       Call Imp          |    10 |    48 |    74 |    82 ||   214
       Call Canine Famil |       |    14 |    64 |    86 ||   164
       Summon Guardian G |       |     1 |    22 |    31 ||    54
 Abil: Fly               |       |     1 |       |       ||     1
  Use: Scroll            |       |    11 |     8 |     7 ||    26
       Potion            |       |       |     4 |     1 ||     5
 Stab: Sleeping          |       |     3 |     2 |     1 ||     6
       Distracted        |       |       |     3 |     7 ||    10
Armor: Robe              |     8 |     2 |       |       ||    10
       Leather armour    |       |    15 |    20 |    61 ||    96
Dodge: Dodged            |    32 |    59 |   169 |   243 ||   503

Table legend: (Time is in decaauts)
 A = Elapsed time spent in this place.
 B = Non-inter-level travel time spent in this place.
 C = Inter-level travel time spent in this place.
 D = Time resting spent in this place.
 E = Time spent auto-exploring this place.
 F = Levels seen in this place.
 G = Mean time per level.
                   A        B        C        D        E       F      G
               +--------+--------+--------+--------+--------+-----+--------+
         Total |  21112 |  20250 |    862 |   5480 |   8754 |  12 | 1759.3 |
       Dungeon |  20936 |  20083 |    853 |   5480 |   8593 |  11 | 1903.3 |
        Temple |    176 |    167 |      9 |      0 |    161 |   1 |  176.0 |
               +--------+--------+--------+--------+--------+-----+--------+

Top non-repeatable levels by time:
    D:10: 3204 daAuts
     D:7: 3028 daAuts
     D:3: 2591 daAuts
     D:9: 2423 daAuts
    D:11: 1786 daAuts
     D:8: 1733 daAuts
     D:2: 1557 daAuts
     D:6: 1338 daAuts
     D:1: 1262 daAuts
     D:5: 1030 daAuts
     D:4: 979 daAuts
  Temple: 176 daAuts
